 Dungeon Crawl Stone Soup version 0.28.0 (webtiles) character file.

Game seed: 16328277842637293012

2598 GrayStillPlays the Wallflower (level 9, -5/64 (74) HPs)
             Began as a Demonspawn Fighter on Feb 13, 2022.
             Was a Follower of Uskayaw.
             Slain by a two-headed ogre (13 damage)
             ... on level 6 of the Dungeon.
             The game lasted 00:23:52 (9719 turns).

GrayStillPlays the Wallflower (Demonspawn Fighter)  Turns: 9719, Time: 00:23:53

HP:   -5/64 (74)    AC: 11    Str: 21    XL:     9   Next: 33%
MP:   23/23         EV: 12    Int: 10    God:    Uskayaw [*.....]
Gold: 278           SH:  5    Dex: 15    Spells: 8/8 levels left

rFire   . . .      SeeInvis .   a - +0 war axe {axe}
rCold   . . .      Faith    +   c - +0 buckler
rNeg    . . .      Spirit   .   b - +0 scale mail
rPois   .          Reflect  .   (no helmet)
rElec   .          Harm     .   (no cloak)
rCorr   .          Rampage  .   Q - +0 pair of gloves
Will    +....                   (no boots)
Stlth   ..........              J - amulet "Giuf" {Faith Dex+3}
HPRegen 0.20/turn               x - ring of willpower
MPRegen 0.18/turn               I - ring of magical power

@: heavily drained
A: rugged brown scales 2, powered by death 3, weakness stinger 2
a: Renounce Religion, Stomp


You were on level 6 of the Dungeon.
You worshipped Uskayaw.
Uskayaw was noncommittal.
You visited 1 branch of the dungeon, and saw 7 of its levels.
You also visited: Sewer and Ossuary.

You collected 278 gold pieces.


Innate Abilities, Weirdness & Mutations

You are mostly covered in rugged brown scales. (AC +2, +5% HP)
You regenerate a lot of health from kills.
You have a tail ending in a sharp stinger.


   Skills:
 + Level 6.9 Fighting
 - Level 2.6 Axes
 + Level 6.3 Armour
 + Level 5.1 Dodging
 - Level 4.0 Shields
 + Level 7.6 Invocations


You had 8 spell levels left.
You didn't know any spells.
Your spell library contained the following spells:

 Spells                   Type           Power      Damage    Failure   Level
 Magic Dart               Conj           0%         1d3       77%         1
 Call Imp                 Summ           0%         N/A       88%         2
 Corpse Rot               Necr/Air       0%         N/A       88%         2
 Poisonous Vapours        Pois/Air       0%         N/A       88%         2
 Mephitic Cloud           Conj/Pois/Air  0%         N/A       98%         3
 Blade Hands              Tmut           0%         N/A       100%        5
 Irradiate                Conj/Tmut      0%         3d14      100%        5
 Dragon Form              Tmut           0%         N/A       100%        7
 Malign Gateway           Summ/Tloc      0%         N/A       100%        7
 Summon Horrible Things   Summ           0%         N/A       100%        8

Inventory:

Hand Weapons
 a - a +0 war axe (weapon) {axe}
 t - a +2 flail of protection {mace}
   (You took it off Edmund on level 6 of the Dungeon)
 H - a +3 whip {mace}
   (You took it off a kobold on level 4 of the Dungeon)
 P - a +0 dagger of venom {short}
   (You took it off an orc wizard on level 5 of the Dungeon)
Missiles
 i - 74 arrows
 n - 153 stones (quivered) {throwing}
 s - 82 sling bullets
 v - 53 bolts
 D - 5 boomerangs {throwing}
 R - a throwing net {=f!fthrowing}
Armour
 b - a +0 scale mail (worn)
 c - a +0 buckler (worn)
 Q - a +0 pair of gloves (worn)
   (You found it on level 6 of the Dungeon)
Jewellery
 p - a ring of positive energy
   (You found it on level 2 of the Dungeon)
 x - a ring of willpower (left hand)
   (You found it on level 5 of the Dungeon)
 z - a ring of fire
   (You took it off a hobgoblin on level 3 of the Dungeon)
 I - a ring of magical power (right hand)
   (You found it on level 5 of the Dungeon)
 J - the amulet "Giuf" (around neck) {Faith Dex+3}
   (You found it on level 5 of the Dungeon)

   [amulet of faith]

   It allows you to gain divine favour quickly.
   Dex:       It affects your dexterity (+3).
Wands
 B - a wand of flame (23)
   (You found it on level 3 of the Dungeon)
Scrolls
 g - 3 scrolls of noise {!r}
 h - a scroll of fog
 j - 2 scrolls of enchant weapon
 k - 5 scrolls of teleportation {@r4}
 l - 3 scrolls of blinking {!r}
 o - 2 scrolls of amnesia
 q - a scroll of enchant armour {unknown}
 u - a scroll of immolation {unknown}
 w - a scroll of magic mapping {unknown}
 y - a scroll of summoning {unknown}
 A - a scroll of vulnerability {unknown}
 E - 2 scrolls of fear {unknown}
 F - a scroll of holy word {unknown}
 O - a scroll of acquirement {unknown}
Potions
 d - 3 potions of might
 e - a potion of lignification {!q}
 f - 2 potions of attraction {unknown}
 m - 2 potions of haste {@q3}
 r - a potion of degeneration {unknown}
 C - a potion of berserk rage {unknown}
 K - a potion of mutation {!q}
 L - a potion of ambrosia {unknown}
 M - 2 potions of flight {unknown}
 N - a potion of magic {unknown}

Dungeon Overview and Level Annotations

Branches:
Dungeon (7/15)             Temple (0/1) D:4           Sewer (visited)
Ossuary (visited)

Altars:
Okawaru
Sif Muna
Uskayaw
The Shining One

Shops:
D:1 (   D:2 **?(*   D:4 ?   D:5 **=![

Portals:
Abyss: D:6

Annotations:
D:6 2 transporters, yahweh's ghost, novice MiFi

#..........##.....#
#..........#.###..#
######.....##.....#
#.....#?###..#
#.....##.....##
##########....#.####.Z#
........##'...# ##.#
########...O...# #.#
+......'...@.[.## ##.#
.##.###.#..Z.....#####..#
#.......#.##............#
#.........##.##.........#
.##.#.....##.........####
.. +................# ..
#....####........# #
###### #........#
#........#


You could see a two-headed ogre and a howler monkey zombie.


Message History

You slash the orc wizard!
You kill the orc wizard!
You hit the orc. The orc barely misses you. The orc closely misses you.
You slash the orc!
You kill the orc!
The orc hits you but does no damage.
You slash the orc!
You kill the orc!
Uskayaw will force your foes to helplessly watch your dance.
Uskayaw prepares the audience for your solo!
The helpless orc fails to defend itself.
You slash the orc!
You kill the orc!
No target in view!
No target in view!
Things that are here:
a +0 dagger {short}; a +0 robe; an orc corpse
Items here: )))) ††. 2 wights come into view.
A wight is wielding a +3 hand axe of freezing.
There are monsters nearby!
A wight comes into view.
It is wielding a +5 scimitar of freezing.
The wight hits you with a +2 flail. 😕 HP[-3]
You take 3 damage, and now have 71/74 hp.
You hit the wight but do no damage. The wight hits you with a +2 flail!
You feel drained. 😕 HP[-15]
You now have 72 max hp (-2).
You take 15 damage, and now have 56/72 hp.
MASSIVE DAMAGE!! (PAUSE) 😕 HP[+1]
You slash the wight! You barely miss the wight.
The wight hits you with a +3 hand axe of freezing.
You feel drained. The wight freezes you. 😮 HP[-4]
You now have 71 max hp (-1).
You take 4 damage, and now have 53/71 hp.
You hit the wight but do no damage.
The wight hits you with a +3 hand axe of freezing.
You feel drained. The wight freezes you. 😮 HP[-7]
You now have 70 max hp (-1).
You take 7 damage, and now have 46/70 hp.
You barely miss the wight. You tail-slap the wight!
The wight hits you with a +3 hand axe of freezing!
You feel drained.
* * * LOW HITPOINT WARNING * * *
The wight freezes you.
* * * LOW HITPOINT WARNING * * *
You block the wight's attack.
You can now pass through a line of other dancers. 😨 HP[-18]
You now have 68 max hp (-2).
You take 18 damage, and now have 28/68 hp.
MASSIVE DAMAGE!! (PAUSE)
You barely miss the wight.
The wight hits you with a +3 hand axe of freezing.
* * * LOW HITPOINT WARNING * * *
The wight freezes you.
* * * LOW HITPOINT WARNING * * *
😨 HP[-3]
You take 3 damage, and now have 25/68 hp.
You closely miss the wight.
You tail-slap the wight, but do no damage.
The wight hits you with a +3 hand axe of freezing!
* * * LOW HITPOINT WARNING * * *
You feel drained. The wight freezes you.
* * * LOW HITPOINT WARNING * * *
The wight barely misses you. 😱 HP[-14]
You now have 66 max hp (-2).
You take 14 damage, and now have 11/66 hp.
MASSIVE DAMAGE!! (PAUSE)
Aiming: Throw Flame
Press: ? - help, Q - select action, (/) - cycle Shift-Dir - straight line, f - wight
Aim: a wight, wielding a +2 flail and wearing a +0 robe (severely damaged, 68% to hit)
The puff of flame hits the wight.
The wight hits you with a +3 hand axe of freezing.
* * * LOW HITPOINT WARNING * * *
You feel drained.
* * * LOW HITPOINT WARNING * * *
The wight freezes you.
* * * LOW HITPOINT WARNING * * *
😱 HP[-6]
You now have 64 max hp (-2).
You take 6 damage, and now have 5/64 hp. 😱 HP[+1]
You can no longer pass through a line of other dancers. 😱 HP[+1]
There is a stone staircase leading up, spattered with blood here.
You climb upwards.
Level annotation: 2 transporters, yahweh's ghost, novice MiFi The howler monkey zombie misses you.
The two-headed ogre closely misses you.
The two-headed ogre hits you with a +0 dire flail!
You die...

Skill      XL: |  1  2  3  4  5  6  7  8  9 |
---------------+----------------------------+-----
Axes           | 2 |  2.6
Armour         | 3 4 5 6 |  6.3
Shields        | 3 4 |  4.0
Invocations    | 1 2 3 4 6 7 |  7.6
Fighting       | 4 5 6 |  6.9
Dodging        | 1 2 3 4 5 |  5.1

Action                   |  1- 3 |  4- 6 |  7- 9 || total
-------------------------+-------+-------+-------++-------
Melee: War axe           |   102 |   215 |   411 ||   728
       Tailslap          |       |       |    72 ||    72
Throw: Dart              |       |     3 |     4 ||     7
       Throwing net      |       |       |     2 ||     2
       Stone             |       |       |     1 ||     1
Invok: Stomp             |       |       |     5 ||     5
       Line Pass         |       |       |     3 ||     3
Evoke: Wand              |       |     4 |     2 ||     6
  Use: Scroll            |       |       |     8 ||     8
 Stab: Paralysed         |       |     2 |    20 ||    22
Armor: Scale mail        |    45 |   110 |   223 ||   378
Dodge: Dodged            |    50 |   110 |   221 ||   381
Block: Buckler           |    21 |    66 |   108 ||   195

Levels and vault maps discovered:
D:1:      ncdulo_smallfort, layout_loops_ring, serial_shops,
          nicolae_shop_behind_doors, minmay_ruptured
D:2:      layout_loops_ring, chequers_ecumenical_altar_island, serial_shops,
          shop, nicolae_shop_trees, nicolae_shop_window_shopping,
          nicolae_shop_hallway_plus, shop, basic_altar, st_stairs_3,
          minmay_randomly_rotated_circles
D:3:      minmay_door_path, layout_basic, led_sif_book,
          kennysheep_okawaru_gauntlet, gup_sewer_entry_glass,
          minmay_fractal_squares_gapless_5
D:4:      layout_gridville, nicolae_tso_swordbearing_angel, temple_green,
          serial_shops, shop, serial_rivers, chequers_serial_rivers_micro_b,
          chequers_serial_rivers_small_b, chequers_serial_rivers_micro_a,
          chequers_serial_rivers_marsh, chequers_serial_rivers_micro_b,
          chequers_serial_rivers_small_b, nicolae_figureground_sparkle,
          uniq_grinder, uniq_blork_the_orc
D:5:      layout_basic, serial_shops, shop, shop, nicolae_square_shop,
          nicolae_shop_trees, shop, serial_co_window_serial, co_window_paths_b,
          co_window_corner_a, co_window_corner_a, co_window_of_opportunity_a,
          co_window_cross_1, co_window_corner_b, co_window_broadway_a,
          co_window_2corner, glass_columns_a, glass_columns_c, glass_columns_a,
          glass_columns_b, nicolae_ossuary_entry_ruins, grunt_ministairs_5
D:6:      layout_basic, gammafunk_ghost_abyssal_escape, minmay_manual_maat,
          uniq_crazy_yiuf_cottage, uniq_prince_ribbit1, uniq_edmund
D:7:      layout_loops_cross, old_standard_altar, eino_jars

Notes
Turn   | Place    | Note
-------+----------+-------------------------------------------
     0 | D:1      | GrayStillPlays the Demonspawn Fighter began the quest for
                  | the Orb.
     0 | D:1      | Reached XP level 1. HP: 18/18 MP: 1/1
     0 | D:1      | magus.rc [v1.9.6]
    40 | D:1      | You pick up a book of Minor Magic and begin reading...
    40 | D:1      | You add the spells Magic Dart, Call Imp and Mephitic Cloud
                  | to your library.
    98 | D:1      | You pick up a book of Transfigurations {@e2} and begin
                  | reading...
    98 | D:1      | You add the spells Irradiate, Blade Hands and Dragon Form
                  | to your library.
   308 | D:1      | Reached skill level 2 in Axes
   318 | D:1      | Gained mutation: You are partially covered in rugged brown
                  | scales. (AC +1, +3% HP) [demonic ancestry]
   318 | D:1      | Reached XP level 2. HP: 9/24 MP: 2/2
   940 | D:1      | Found Edghuum's Weapon Shop.
  1081 | D:2      | Reached skill level 3 in Armour
  1081 | D:2      | Reached skill level 3 in Shields
  1081 | D:2      | Gained mutation: You are mostly covered in rugged brown
                  | scales. (AC +2, +5% HP) [demonic ancestry]
  1081 | D:2      | Reached XP level 3. HP: 23/30 MP: 3/3
  1146 | D:2      | Found Qoluhyr's Antique Weapon Shop.
  1155 | D:2      | Found Rukuobuz's General Store.
  1544 | D:2      | Found a faded altar of an unknown god.
  1619 | D:2      | Found Boadd's Magic Scroll Boutique.
  1770 | D:2      | Found Roech's Assorted Antiques.
  1807 | D:1      | Gained mutation: You regenerate a little health from kills.
                  | [demonic ancestry]
  1807 | D:1      | Reached XP level 4. HP: 16/36 MP: 4/4
  2157 | D:2      | Found a hide-covered altar of Uskayaw.
  2325 | D:2      | Became a worshipper of Uskayaw the Reveller
  2366 | D:2      | Reached * piety under Uskayaw
  2379 | D:2      | Found Wuxena's General Store.
  2612 | D:3      | Found an iron altar of Okawaru.
  2638 | D:3      | Found a shimmering blue altar of Sif Muna.
  2669 | D:3      | Found a glowing drain.
  2702 | Sewer    | Entered a sewer
  2735 | Sewer    | Reached skill level 1 in Invocations
  2775 | Sewer    | Gained mutation: You regenerate health from kills. [demonic
                  | ancestry]
  2775 | Sewer    | Reached XP level 5. HP: 30/44 MP: 5/5
  2782 | Sewer    | Reached ** piety under Uskayaw
  3007 | Sewer    | Reached skill level 4 in Fighting
  3007 | Sewer    | Reached skill level 1 in Dodging
  3007 | Sewer    | Reached skill level 2 in Invocations
  3008 | Sewer    | Reached *** piety under Uskayaw
  3010 | Sewer    | Reached XP level 6. HP: 35/50 MP: 7/7
  3881 | D:4      | Noticed Blork the orc
  3892 | D:4      | Killed Blork the orc
  3893 | D:4      | Reached skill level 4 in Armour
  3893 | D:4      | Reached skill level 4 in Shields
  3893 | D:4      | Reached skill level 3 in Invocations
  4140 | D:4      | Found a staircase to the Ecumenical Temple.
  4311 | D:4      | HP: 3/51 [orc priest/divine providence (13)]
  4315 | D:4      | Reached skill level 2 in Dodging
  4317 | D:4      | Gained mutation: You have a small tail. [demonic ancestry]
  4317 | D:4      | Reached XP level 7. HP: 5/57 MP: 9/9
  4637 | D:4      | Reached **** piety under Uskayaw
  4883 | D:4      | Noticed Grinder
  4886 | D:4      | Paralysed by Grinder for 6 turns
  4914 | D:4      | Killed Grinder
  4915 | D:4      | Reached skill level 5 in Fighting
  4915 | D:4      | Reached skill level 4 in Invocations
  5106 | D:4      | Found Fuic's Magic Scroll Emporium.
  5369 | D:5      | Entered Level 5 of the Dungeon
  5393 | D:5      | Reached skill level 3 in Dodging
  5449 | D:5      | HP: 14/58 [something (5)]
  5473 | D:5      | Gained mutation: You have a tail ending in a sharp stinger.
                  | [demonic ancestry]
  5473 | D:5      | Reached XP level 8. HP: 26/65 MP: 11/11
  5544 | D:5      | Found a sand-covered staircase.
  5549 | D:5      | Reached skill level 5 in Armour
  5549 | D:5      | Reached skill level 5 in Invocations
  5552 | D:5      | Identified the amulet "Giuf" {Faith Dex+3}
  5611 | Ossuary  | Entered an ossuary
  6022 | D:5      | Reached skill level 6 in Fighting
  6022 | D:5      | Reached skill level 4 in Dodging
  6022 | D:5      | Reached skill level 6 in Invocations
  6032 | D:5      | Reached ***** piety under Uskayaw
  6345 | D:5      | Found Eppak's Armour Emporium.
  6495 | D:5      | Found Cevvigum's Distillery.
  6788 | D:5      | Found Istoul's Jewellery Emporium.
  7114 | D:5      | HP: 7/67 [orc priest/divine providence (13)]
  7424 | D:5      | Gained mutation: You regenerate a lot of health from kills.
                  | [demonic ancestry]
  7424 | D:5      | Reached XP level 9. HP: 25/74 MP: 14/14
  7674 | D:5      | Found Nuixt's Assorted Antiques.
  7688 | D:5      | You pick up a book of Vapours and begin reading...
  7688 | D:5      | You add the spells Poisonous Vapours and Corpse Rot to your
                  | library.
  7697 | D:5      | Found Othrip's General Store.
  7705 | D:5      | You add the spells Malign Gateway and Summon Horrible
                  | Things to your library.
  8133 | D:6      | Reached skill level 6 in Armour
  8220 | D:6      | Noticed an ancient zyme
  8231 | D:6      | Found a transporter.
  8239 | D:6      | Reached skill level 7 in Invocations
  8248 | D:6      | Found a one-way gate to the infinite horrors of the Abyss.
  8248 | D:6      | Noticed yahweh's ghost (novice MiFi)
  8269 | D:6      | Found a transporter.
  8285 | D:6      | Noticed Edmund
  8300 | D:6      | Killed Edmund
  8451 | D:6      | Noticed a two-headed ogre
  9302 | D:6      | Noticed a two-headed ogre
  9493 | D:7      | Reached skill level 5 in Dodging
  9703 | D:7      | HP: 16/68 [wight (9)]
  9704 | D:7      | HP: 7/64 [wight (1)]
  9719 | D:6      | Slain by a two-headed ogre

Vanquished Creatures
  Grinder (D:4)
  A yak (D:7)
  A steam dragon (D:6)
  Edmund (D:6)
  A sky beast (D:5)
  A black bear (D:5)
  An ogre (D:5)
  A centaur (D:5)
  3 elf zombies (Ossuary)
  Blork the orc (D:4)
  2 scorpions
  3 bullfrogs
  A water moccasin zombie (D:5)
  2 howler monkeys (D:5)
  A bullfrog zombie (D:5)
  2 jellies
  A centaur zombie (Ossuary)
  A human zombie (Ossuary)
  4 hounds
  5 orc priests
  An iguana (D:5)
  3 orc wizards
  2 hound zombies (Ossuary)
  3 mummies (Ossuary)
  A howler monkey zombie (D:5)
  12 adders
  7 gnolls
  2 adder zombies (Ossuary)
  An adder skeleton (D:4)
  A worm (D:2)
  4 dart slugs
  15 orcs
  4 bats
  6 endoplasms
  13 giant cockroaches
  2 gnoll zombies (Ossuary)
  4 goblins
  6 hobgoblins
  3 jackals (D:2)
  6 quokkas
  6 ball pythons
  12 frilled lizards
  2 goblin zombies (Ossuary)
  2 hobgoblin zombies (Ossuary)
  5 jackal zombies (Ossuary)
  7 kobolds
  4 kobold zombies (Ossuary)
  2 orc zombies (Ossuary)
  4 quokka zombies (Ossuary)
  4 rats (D:1)
  6 rat zombies (Ossuary)
184 creatures vanquished.

Vanquished Creatures (others)
  A jelly (D:6)
  An orc wizard (D:5)
2 creatures vanquished.

Grand Total: 186 creatures vanquished

Table legend:
 A = Non-vault XP
 B = Vault XP
 C = Vault XP percentage of total XP
 D = Non-vault monster count
 E = Vault monster count
 F = Vault count percentage of total count
                 A         B        C        D         E       F
            +---------+---------+-------+---------+---------+-------
      Total |    1851 |    1861 |  50.1 |     102 |      83 |  44.9
            +---------+---------+-------+---------+---------+-------
        D:1 |      35 |       0 |   0.0 |      15 |       0 |   0.0
        D:2 |      86 |      26 |  23.2 |      18 |       8 |  30.8
        D:3 |      40 |      67 |  62.6 |      10 |       7 |  41.2
        D:4 |     250 |     358 |  58.9 |      24 |       2 |   7.7
        D:5 |    1165 |      87 |   6.9 |      26 |       1 |   3.7
        D:6 |     228 |     374 |  62.1 |       4 |       3 |  42.9
        D:7 |      47 |     196 |  80.7 |       5 |       1 |  16.7
      Sewer |       0 |     248 | 100.0 |       0 |      22 | 100.0
    Ossuary |       0 |     505 | 100.0 |       0 |      39 | 100.0
            +---------+---------+-------+---------+---------+-------

Illustrated notes

Table legend:
 A = Kills in this place as a percentage of kills in entire the game.
 B = Kills by you in this place as a percentage of kills by you in the entire game.
 C = Kills by friends in this place as a percentage of kills by friends in the entire game.
 D = Other kills in this place as a percentage of other kills in the entire game.
 E = Experience gained in this place as a percentage of experience gained in the entire game.
 F = Experience gained in this place divided by the number of levels of this place that you have seen.
                   A       B       C       D       E      F
               +-------+-------+-------+-------+-------+----------------------
         Total | 100.0 | 100.0 |   N/A | 100.0 | 100.0 | 412.4
       Dungeon |  67.0 |  66.8 |   N/A | 100.0 |  79.7 | 422.7
         Sewer |  11.9 |  12.0 |   N/A |   0.0 |   6.7 | 248.0
       Ossuary |  21.1 |  21.2 |   N/A |   0.0 |  13.6 | 505.0
               +-------+-------+-------+-------+-------+----------------------

Table legend: (Time is in decaauts)
 A = Elapsed time spent in this place.
 B = Non-inter-level travel time spent in this place.
 C = Inter-level travel time spent in this place.
 D = Time resting spent in this place.
 E = Time spent auto-exploring this place.
 F = Levels seen in this place.
 G = Mean time per level.
                   A        B        C        D        E       F      G
               +--------+--------+--------+--------+--------+-----+--------+
         Total |  10151 |   9608 |    543 |   1710 |   5163 |   9 | 1127.9 |
       Dungeon |   9036 |   8493 |    543 |   1710 |   4810 |   7 | 1290.9 |
         Sewer |    707 |    707 |      0 |      0 |    267 |   1 |  707.0 |
       Ossuary |    407 |    407 |      0 |      0 |     86 |   1 |  407.0 |
               +--------+--------+--------+--------+--------+-----+--------+

Top non-repeatable levels by time:
     D:5: 2438 daAuts
     D:4: 1884 daAuts
     D:1: 1311 daAuts
     D:2: 1185 daAuts
     D:3: 1079 daAuts
     D:6: 896 daAuts
   Sewer: 707 daAuts
 Ossuary: 407 daAuts
     D:7: 241 daAuts
